 Dungeon Crawl Stone Soup version 0.25.1-9-gc5326a611f (webtiles) character file.

Game seed: 17367939756643001714

403 hawla the Conjurer (level 6, -1/45 HPs)
             Began as a Draconian Conjurer on Dec 22, 2020.
             Killed by miscasting Iskenderun's Mystic Blast (4 damage)
             ... on level 4 of the Dungeon.
             The game lasted 00:08:46 (3534 turns).

hawla the Conjurer (Draconian Conjurer)             Turns: 3534, Time: 00:08:47

Health: -1/45      AC:  7    Str:  7 (10) XL:     6   Next: 55%
Magic:  6/19       EV: 12    Int: 14 (17) God:
Gold:   250        SH:  0    Dex: 11 (12) Spells: 4/11 levels left

rFire    . . .     SeeInvis .   s - +2 short sword (elec)
rCold    . . .     Gourm    .   (no shield)
rNeg     . . .     Faith    .   (armour unavailable)
rPois    .         Spirit   .   (helmet restricted)
rElec    .         Reflect  .   (no cloak)
rCorr    .         Harm     .   (no gloves)
MR       .....                  n - +0 pair of boots
Stlth    ++........             f - amulet of magic regeneration
HPRegen  0.15/turn              w - ring of magical power
MPRegen  0.41/turn              (no ring)

@: brilliant, very slightly contaminated
A: unfitting armour, cold-blooded, AC +6
a: no special abilities


You were on level 4 of the Dungeon.
You were not hungry.

You visited 1 branch of the dungeon, and saw 4 of its levels.

You collected 250 gold pieces.

Inventory:

Hand Weapons
 r - a +2 short sword of holy wrath
 s - a +2 short sword of electrocution (weapon)
Missiles
 d - 2 javelins (quivered)
 e - 6 curare-tipped darts
Armour
 n - a +0 pair of boots (worn)
Jewellery
 f - an amulet of magic regeneration (around neck)
 w - a ring of magical power (left hand)
 y - a cursed amulet of inaccuracy {unknown}
Scrolls
 a - 2 scrolls of remove curse
 g - 4 scrolls of identify {unknown}
 h - 2 scrolls of blinking {unknown}
 i - 3 scrolls of immolation {unknown}
 k - a scroll of fear {unknown}
 o - a scroll of fog {unknown}
 q - 2 scrolls of enchant weapon {unknown}
 t - a scroll of teleportation {unknown}
 u - a scroll of enchant armour {unknown}
 x - a scroll of random uselessness {unknown}
Potions
 j - a potion of degeneration
 l - 2 potions of curing
 p - a potion of heal wounds {unknown}
 v - a potion of stabbing {unknown}
Comestibles
 b - 3 rations


   Skills:
 - Level 1.7 Dodging
 - Level 1.7 Stealth
 + Level 3.1 Spellcasting
 + Level 6.3 Conjurations
 * Level 3.6 Translocations


You had 4 spell levels left.
You knew the following spells:

 Your Spells              Type           Power        Failure   Level  Hunger
a - Magic Dart            Conj           ####         1%          1    None
b - Searing Ray           Conj           ####..       2%          2    None
c - Iskenderun's Mystic   Conj/Tloc      ###.....     26%         4    None

Your spell library contained the following spells:

 Spells                   Type           Power        Failure   Level  Hunger
 Dazzling Flash           Conj/Hex       ###...       17%         3    None
 Fulminant Prism          Conj/Hex       ###.......   50%         4    None


Dungeon Overview and Level Annotations

Branches:
Dungeon (4/15)
 Temple: D:4-7

Altars:
Dithmenos
Ru
Uskayaw
Xom


Innate Abilities, Weirdness & Mutations

Your plain brown scales are hard. (AC +6)
You cannot fit into any form of body armour.
You are cold-blooded and may be slowed by cold attacks.


Message History

The orc warrior is almost dead.
The orc warrior hits you from afar with a cursed -3 halberd.
* * * LOW HITPOINT WARNING * * *
The searing ray hits the orc warrior!
You kill the orc warrior!
You feel your dexterity returning.
Your Spellcasting skill increases to level 3!
You finish channeling your searing ray.
A scorpion comes into view.
Things that are here:
a cursed -3 halberd; a +0 plate armour; an orc corpse You butcher the orc corpse.
Items here: % ) [ รท a cursed -3 halberd; a +0 plate armour; 2 chunks of flesh; an orc skeleton
Casting: Searing Ray (safe; 2% risk of failure)
Confirm with . or Enter, or press ? or * to list all spells.
The spell is quite dangerous to cast (26% risk of failure)!
Continue anyway?
You feel a surge of power!
You miscast Iskenderun's Mystic Blast.
You are caught in a violent explosion.
You die...

#. #.# #..
#.##
######..####
...........#
#######s##.#
........<#.#
.....#.@.#..
####
#...#..#
#.#[#..#
#.#....#
...?.....>.
.#.#......#.
#.#.#.#...##
# #.#.#...#
#.#...#


You could see a scorpion.

Vanquished Creatures
  An orc warrior (D:4)
  An orc priest (D:3)
  A bullfrog skeleton (D:4)
  A gnoll shaman (D:3)
  7 adders (D:2)
  6 gnolls
  2 oozes
  A worm (D:2)
  2 dart slugs
  8 orcs
  4 giant cockroaches
  5 hobgoblins
  9 jackals
  A quokka (D:2)
  9 bats
  5 frilled lizards
  9 goblins
  4 kobolds
  13 rats
89 creatures vanquished.

Notes
Turn   | Place    | Note
-------+----------+-------------------------------------------
     0 | D:1      | hawla the Draconian Conjurer began the quest for the Orb.
     0 | D:1      | Reached XP level 1. HP: 14/14 MP: 3/3
   493 | D:1      | Reached XP level 2. HP: 20/20 MP: 3/5
   714 | D:1      | Learned a level 2 spell: Searing Ray
  1067 | D:1      | Reached skill level 5 in Conjurations
  1067 | D:1      | Reached XP level 3. HP: 26/26 MP: 2/6
  1476 | D:2      | Reached XP level 4. HP: 33/33 MP: 2/7
  1482 | D:2      | Learned a level 4 spell: Iskenderun's Mystic Blast
  1723 | D:2      | Found a shadowy altar of Dithmenos.
  1852 | D:2      | Reached skill level 1 in Translocations
  1938 | D:2      | Found a hide-covered altar of Uskayaw.
  2463 | D:3      | Reached XP level 5. HP: 38/38 MP: 3/8
  3046 | D:3      | Reached skill level 6 in Conjurations
  3063 | D:3      | Found a sacrificial altar of Ru.
  3064 | D:3      | Found a shimmering altar of Xom.
  3159 | D:3      | Reached XP level 6. HP: 45/45 MP: 4/10
  3446 | D:4      | Noticed an orc warrior
  3530 | D:4      | Killed an orc warrior
  3534 | D:4      | Killed by miscasting Iskenderun's Mystic Blast

Illustrated notes

Levels and vault maps discovered:
D:1:      grunt_arrival_crossed_arrows, layout_loops_ring, chequers_arboretum,
          minmay_vboxes
D:2:      layout_basic, overflow_temple_1_default, lemuel_crystal_altar
D:3:      layout_basic, grunt_temple_overflow_open
D:4:      layout_basic, minmay_temple_entry_trees, first_ration

Skill      XL: |  1  2  3  4  5  6 |
---------------+-------------------+-----
Conjurations   | 5 6 |  6.3
Translocations | 1 2 3 |  3.6
Spellcasting   | 3 |  3.1
Dodging        | |  1.7
Stealth        | |  1.7

Action                   |  1- 3 |  4- 6 || total
-------------------------+-------+-------++-------
Melee: Unarmed           |    17 |       ||    17
       Tailslap          |     1 |       ||     1
 Cast: Magic Dart        |    52 |    59 ||   111
       Searing Ray       |    10 |    34 ||    44
       Iskenderun's Myst |       |     1 ||     1
  Use: Scroll            |       |     1 ||     1
       Potion            |       |     3 ||     3
  Eat: Chunk             |     3 |     9 ||    12
Armor: Skin              |    18 |     6 ||    24
Dodge: Dodged            |    22 |    25 ||    47
